 Dungeon Crawl Stone Soup version 0.30-a0-534-gdc55766716 (webtiles) character file.

Game seed: 16822566852296956597

15808 hikkokomori the Destroyer (level 12, -4/95 HPs)
             Began as a Demonspawn Conjurer on Dec 25, 2022.
             Was a High Priest of Okawaru.
             Slain by an elephant (13 damage)
             ... on level 1 of the Lair of Beasts.
             The game lasted 00:53:25 (15067 turns).

hikkokomori the Destroyer (Demonspawn Conjurer)    Turns: 15067, Time: 00:53:26

Health: -4/95      AC: 20    Str:  7    XL:     12   Next: 4%
Magic:  13/24      EV: 12    Int: 17    God:    Okawaru [*****.]
Gold:   577        SH:  4    Dex: 16    Spells: 14/28 levels left

rFire   . . .      SeeInvis +    L - +1 scimitar
rCold   + . .      Faith    .    (no shield)
rNeg    + . .      Spirit   .    c - +1 robe {rC+}
rPois   .          Reflect  .    a - +1 hat of Theory {rN+ Int-4 SInv}
rElec   .          Harm     .    N - +0 cloak
rCorr   .          Rampage  .    e - +2 pair of gloves
Will    .....                    H - +0 pair of boots {Stlth+}
Stlth   ++++                     (no amulet)
HPRegen 0.35/turn                C - +4 ring of protection
MPRegen 0.19/turn                P - +4 ring of protection

@: lethally poisoned (-4 -> -9), on berserk cooldown, slowed, invisible, very
slow
A: antennae 1, molten scales 2, powered by death 2, condensation shield
a: Renounce Religion, Heroism, Finesse, Duel


You were on level 1 of the Lair of Beasts.
You worshipped Okawaru.
Okawaru was extremely pleased with you.
You visited 3 branches of the dungeon, and saw 14 of its levels.
You also visited: Sewer and Bailey.

You collected 642 gold pieces.
You spent 65 gold pieces at shops.

Inventory:

Hand Weapons
 v - a +1 dagger of protection
 J - a +1 vampiric halberd
 K - a +0 arbalest
 L - a +1 scimitar (weapon)
Armour
 a - the +1 hat of Theory (worn) {rN+ Int-4 SInv}
   (You found it in a bailey)

   Int:       It affects your intelligence (-4).
   rN:        It protects you from negative energy.
   SInv:      It lets you see invisible.
 c - a +1 robe of cold resistance (worn)
 e - a +2 pair of gloves (worn)
 h - a +1 cloak of willpower
 H - a +0 pair of boots of stealth (worn)
 I - a +2 ring mail of fire resistance
 N - a +0 cloak (worn)
 O - a +1 robe of fire resistance
 R - a +0 troll leather armour
 S - a +2 hat
 T - an orb of light
Jewellery
 j - an amulet of guardian spirit
 C - a +4 ring of protection (left hand)
 F - a +6 ring of intelligence
 P - a +4 ring of protection (right hand)
Wands
 s - a wand of flame (5)
Scrolls
 f - 4 scrolls of enchant armour
 r - 2 scrolls of immolation
 x - a scroll of fog
 y - a scroll of poison {unknown}
 B - a scroll of enchant weapon
 E - a scroll of fear {unknown}
 G - a scroll of noise
 M - 2 scrolls of amnesia {unknown}
 Q - 2 scrolls of identify
Potions
 b - a potion of magic
 d - 3 potions of lignification
 k - 4 potions of mutation
 l - 2 potions of invisibility
 m - a potion of berserk rage
 n - 3 potions of degeneration
 o - 3 potions of attraction {unknown}
 p - a potion of flight
 t - 5 potions of cancellation {unknown}
 u - a potion of haste
 w - a potion of might
 z - a potion of heal wounds
 A - 2 potions of resistance {unknown}
 D - a potion of ambrosia {unknown}
Miscellaneous
 g - a condenser vane (inert)


   Skills:
 + Level 9.0 Fighting
 - Level 1.7 Dodging
 - Level 6.0 Stealth
 + Level 8.9 Spellcasting
 + Level 11.0 Conjurations
 - Level 7.1 Hexes
 + Level 3.8 Air Magic
 - Level 5.4 Invocations


You had 14 spell levels left.
You knew the following spells:

 Your Spells              Type           Power      Damage    Failure   Level
a - Magic Dart            Conj           100%       1d8       1%          1
b - Searing Ray           Conj           90%        2d7       1%          2
c - Fulminant Prism       Conj/Hex       19%        3d10      2%          4
d - Iskenderun's Mystic   Conj/Tloc      26%        2d7       10%         4
e - Mephitic Cloud        Conj/Pois/Air  24%        N/A       3%          3

Your spell library contained the following spells:

 Spells                   Type           Power      Damage    Failure   Level
 Dazzling Flash           Conj/Hex       76%        N/A       1%          3
 Poisonous Vapours        Pois/Air       28%        N/A       7%          2
 Cigotuvi's Dreadful Rot  Necr/Pois/Air  22%        N/A       9%          2
 Anguish                  Hex/Necr       9%         N/A       22%         4
 Orb of Destruction       Conj           22%        9d8       65%         7
 Enfeeble                 Hex            15%        N/A       99%         7
 Summon Guardian Golem    Hex/Summ       Unusable   N/A       N/A         3
 Spellforged Servitor     Conj/Summ      Unusable   N/A       N/A         7

Dungeon Overview and Level Annotations

Branches:
Dungeon (10/15)            Temple (1/1) D:6            Lair (3/5) D:8
    Orc (0/2) D:9           Sewer (visited)          Bailey (visited)
  Swamp: Lair:2-3    Shoals: Lair:2-3     Snake: Lair:2-3    Spider: Lair:2-3

Altars:
Ashenzari
Cheibriados
Dithmenos
Fedhas
Gozag
Hepliaklqana
Kikubaaqudgha
Makhleb
Nemelex Xobeh
Okawaru
Qazlal
Ru
Sif Muna
Trog
Uskayaw
Vehumet
Wu Jian
Xom
Yredelemnul

Shops:
D:4 ***

Annotations:
D:4 1 transporter, soul19's ghost, amateur MiFi


Innate Abilities, Weirdness & Mutations

You have a pair of small antennae on your head.
You are mostly covered in molten scales. (AC +3)
You regenerate health from kills.
A meltable shield of frost defends you. (SH +4)


Message History

A water moccasin and an elephant come into view.
The elephant attacks as you move away! The elephant barely misses you.
The elephant trunk-slaps you but does no damage.
The elephant attacks as you move away! You block the elephant's attack.
The elephant trunk-slaps you.
* * * LOW HITPOINT WARNING * * *
The elephant trumpets!
The elephant attacks as you move away!
The elephant tramples you but does no damage.
The elephant trunk-slaps you but does no damage.
There is a staircase back to the Dungeon here.
The elephant barely misses you. x2; The elephant tramples you.
* * * LOW HITPOINT WARNING * * *
You stumble backwards!
You stop ascending the stairs.
Unknown command.
Unknown command.
As you read the scroll labelled JOEPPA DIROM, it crumbles to dust.
You hear a loud clanging noise!
It was a scroll of noise.
You hear an angry hiss. x2; You hear a bellow! x2; You hear a howl!
You hear a bellow! x3; You hear a howl! x3; You hear a bellow!
You hear a croak.
You hear a loud, deep croak!
You hear a bellow!
You hear a loud, deep croak!
You hear a bellow!
You hear a loud, deep croak!
You hear a croak.
The water moccasin bites you.
* * * LOW HITPOINT WARNING * * *
You are poisoned.
The water moccasin poisons you!
The elephant tramples you but does no damage.
The elephant trunk-slaps you but does no damage.
The water moccasin barely misses you. The elephant tramples you.
* * * LOW HITPOINT WARNING * * *
You stumble backwards!
Unknown command.
You fade into invisibility!
You feel very sick. The water moccasin barely misses you.
The elephant tramples you but does no damage.
The elephant trunk-slaps you but does no damage.
The water moccasin misses you. The elephant tramples you!
You die...

## ##... .....
#..... #P.....
##.......
####........
#Y@YY.......
##FS<.......
##YYYY.....#.
###..........#
#P..........##
#.....S.....#
##..........###
##...........#
#..##..##...##


You could see 6 elephants, a yak (unable to see you), a cane toad (unable to see
you) and 2 water moccasins.

Vanquished Creatures
  7 cane toads
  A gargoyle (Bailey)
  Psyche (D:9)
  2 komodo dragons
  A queen bee (D:8)
  A hornet (D:8)
  3 trolls
  Prince Ribbit (D:9)
  3 blink frogs
  A wyvern (Lair:2)
  A vampire (Bailey)
  A spriggan (D:9)
  16 yaks
  4 hogs (D:7)
  Eustachio (D:6)
  2 humans
  A warg (D:9)
  An acid dragon (D:9)
  10 water moccasins
  Duvessa (D:7)
  7 orc warriors
  2 ice beasts
  3 black bears
  An ogre (D:6)
  2 centaurs
  4 phantoms
  9 bullfrogs
  A necrophage (D:8)
  3 scorpions
  12 wights
  Dowan (D:7)
  10 killer bees (D:8)
  5 howler monkeys
  8 vampire bats (Bailey)
  An electric eel (Lair:2)
  7 wolf zombies (Bailey)
  3 hounds
  A lava snake (D:7)
  A gnoll bouda (D:6)
  9 orc priests
  Crazy Yiuf (D:6)
  3 iguanas
  17 orc wizards
  7 adders
  9 gnolls
  7 river rats
  3 shadow imps
  2 white imps
  An ufetubus (D:6)
  3 worms
  3 dart slugs
  33 orcs
  10 endoplasms
  5 giant cockroaches
  12 goblins
  7 hobgoblins
  A quokka (D:1)
  15 ball pythons
  3 bats
  2 frilled lizards
  28 kobolds
  20 orc zombies (Bailey)
  16 rats
  A spectral hobgoblin (D:3)
358 creatures vanquished.

Vanquished Creatures (others)
  A human (D:5)
  An orc wizard (D:5)
  150 fulminant prisms
  49 fungi
  68 plants
269 creatures vanquished.

Grand Total: 627 creatures vanquished

Notes
Turn   | Place    | Note
-------+----------+-------------------------------------------
     0 | D:1      | hikkokomori the Demonspawn Conjurer began the quest for the
                  | Orb.
     0 | D:1      | Reached XP level 1. HP: 13/13 MP: 3/3
   187 | D:1      | Gained mutation: You regenerate a little health from kills.
                  | [demonic ancestry]
   187 | D:1      | Reached XP level 2. HP: 19/19 MP: 3/5
   190 | D:1      | Learned a level 2 spell: Searing Ray
  1273 | D:2      | Gained mutation: You are partially covered in molten
                  | scales. (AC +2) [demonic ancestry]
  1273 | D:2      | Reached XP level 3. HP: 8/24 MP: 1/7
  1919 | D:3      | Found a hazy altar of Hepliaklqana.
  1960 | D:3      | Found a glowing drain.
  2003 | D:3      | Reached XP level 4. HP: 30/30 MP: 2/8
  2057 | Sewer    | Entered a sewer
  2243 | Sewer    | Learned a level 4 spell: Fulminant Prism
  2461 | Sewer    | Reached skill level 5 in Conjurations
  2535 | Sewer    | Reached skill level 1 in Hexes
  2644 | Sewer    | Reached XP level 5. HP: 35/35 MP: 7/9
  4288 | D:4      | Found a basalt altar of Yredelemnul.
  4288 | D:4      | Found a burning altar of Makhleb.
  4288 | D:4      | Found a sparkling altar of Nemelex Xobeh.
  4367 | D:4      | Reached XP level 6. HP: 11/41 MP: 4/10
  4552 | D:4      | Found a transporter.
  4554 | D:4      | Identified the +2 dire flail of the Purse {freeze, rC+
                  | Will+ Str+3 Stlth+}
  4554 | D:4      | Noticed soul19's ghost (amateur MiFi)
  5177 | D:4      | Found Cocrar's General Store.
  5321 | D:4      | Found Zyrireust's Specific Store.
  5324 | D:4      | Found Aqenuej's General Store.
  5334 | D:4      | Bought a scroll of teleportation for 39 gold pieces
  5334 | D:4      | Bought a scroll of identify for 26 gold pieces
  5525 | D:5      | Entered Level 5 of the Dungeon
  5569 | D:5      | Found an iron altar of Okawaru.
  5575 | D:5      | Found a hide-covered altar of Uskayaw.
  5902 | D:5      | Reached skill level 6 in Conjurations
  5902 | D:5      | Gained mutation: You regenerate health from kills. [demonic
                  | ancestry]
  5902 | D:5      | Reached XP level 7. HP: 46/46 MP: 3/11
  6105 | D:5      | Found a shimmering blue altar of Sif Muna.
  6344 | D:5      | Found an ancient bone altar of Kikubaaqudgha.
  6345 | D:5      | Noticed a human
  6348 | D:5      | Killed a human
  6563 | D:6      | Reached skill level 5 in Stealth
  6636 | D:6      | Found a staircase to the Ecumenical Temple.
  6645 | Temple   | Entered the Ecumenical Temple
  6992 | D:6      | Noticed Eustachio
  7099 | Temple   | Gained mutation: A meltable shield of frost defends you.
                  | (SH +4) [demonic ancestry]
  7099 | Temple   | Reached XP level 8. HP: 52/52 MP: 7/12
  7190 | D:7      | Reached skill level 7 in Conjurations
  7230 | D:7      | Found a flagged portal.
  7265 | Bailey   | Entered a bailey
  7567 | Bailey   | Reached skill level 5 in Hexes
  8052 | Bailey   | Reached skill level 8 in Conjurations
  8175 | Bailey   | Noticed a gargoyle
  8187 | Bailey   | Killed a gargoyle
  8188 | Bailey   | Gained mutation: You are mostly covered in molten scales.
                  | (AC +3) [demonic ancestry]
  8188 | Bailey   | Reached XP level 9. HP: 45/57 MP: 1/13
  8538 | Bailey   | Identified the +1 hat of Theory {rN+ Int-4 SInv}
  9006 | D:7      | Noticed Duvessa
  9015 | D:7      | Noticed Dowan
  9027 | D:7      | Killed Duvessa
  9028 | D:7      | Reached skill level 1 in Fighting
  9028 | D:7      | Killed Dowan
  9029 | D:7      | Reached skill level 9 in Conjurations
  9292 | D:5      | Became a worshipper of Warmaster Okawaru
  9424 | D:6      | Learned a level 4 spell: Iskenderun's Mystic Blast
  9852 | D:6      | Killed Eustachio
 10208 | D:6      | Found a runed translucent door.
 10209 | D:6      | Noticed Crazy Yiuf
 10355 | D:6      | Killed Crazy Yiuf
 10547 | D:7      | Reached * piety under Okawaru
 10590 | D:7      | Reached skill level 5 in Spellcasting
 10590 | D:7      | Reached XP level 10. HP: 66/70 MP: 4/17
 10842 | D:7      | Reached skill level 10 in Conjurations
 10845 | D:7      | Reached ** piety under Okawaru
 11246 | D:8      | Reached skill level 1 in Invocations
 11279 | D:8      | Reached skill level 5 in Fighting
 11455 | D:8      | Reached *** piety under Okawaru
 11545 | D:8      | Found a staircase to the Lair.
 11869 | D:8      | Reached skill level 5 in Invocations
 12238 | D:9      | Noticed Prince Ribbit
 12239 | D:9      | Reached **** piety under Okawaru
 12240 | D:9      | Gained mutation: You have a pair of small antennae on your
                  | head. [demonic ancestry]
 12240 | D:9      | Reached XP level 11. HP: 83/83 MP: 6/21
 12240 | D:9      | Noticed Psyche
 12260 | D:9      | Killed Psyche
 12263 | D:9      | Killed Prince Ribbit
 12465 | D:9      | Found a staircase to the Orcish Mines.
 13088 | D:9      | Found an ornate altar of the Wu Jian Council.
 13243 | D:9      | Learned a level 3 spell: Mephitic Cloud
 13294 | D:10     | Entered Level 10 of the Dungeon
 13816 | D:10     | Reached skill level 1 in Air Magic
 13826 | D:10     | Reached ***** piety under Okawaru
 13827 | D:10     | Noticed a two-headed ogre
 14255 | Lair:1   | Entered Level 1 of the Lair of Beasts
 14475 | Lair:2   | Noticed a boulder beetle
 14552 | Lair:1   | Noticed a death yak
 14556 | Lair:1   | Identified the +3 glaive of Key {vorpal, *Slow rPois rCorr
                  | Str+5} (Okawaru gifted it to you on level 1 of the Lair of
                  | Beasts)
 14556 | Lair:1   | Received a gift from Okawaru
 14592 | Lair:1   | Noticed a death yak
 14951 | Lair:3   | Noticed a seven-headed hydra
 15047 | Lair:1   | Reached skill level 11 in Conjurations
 15047 | Lair:1   | Reached XP level 12. HP: 18/94 MP: 12/24
 15051 | Lair:2   | Noticed a boulder beetle
 15057 | Lair:2   | Received a gift from Okawaru
 15067 | Lair:1   | Slain by an elephant

Illustrated notes

Levels and vault maps discovered:
D:1:      lightli_arrival_flooded_house, layout_loops_ring
D:2:      layout_basic
D:3:      layout_loops_ring, nicolae_hepliaklqana_monster_ancestors,
          cheibrodos_sewer_entry_sluice, grunt_ministairs_11
D:4:      layout_basic, chequers_temple_overflow_statue_of_worship,
          gammafunk_ghost_smash, serial_shops, shop, nicolae_specific_store,
          hangedman_decor_opposing, dk_noncrumbling_2
D:5:      layout_rooms, led_sif_pool, tgw_kikubaaqudgha,
          grunt_temple_overflow_open
D:6:      layout_rooms, minmay_temple_entry_sparse_star, minmay_misc_feat_rows,
          uniq_crazy_yiuf_cottage, uniq_eustachio
D:7:      layout_basic, enter_bailey_5, grunt_decor_junction, grunt_livestock,
          minmay_misc_feat_cross, uniq_duvessa
D:8:      layout_loops_ring, due_lair_maze_entry_diamond,
          nicolae_looking_at_the_future
D:9:      layout_roguey, nzn_wu_jian_contemplation, erik_orc_4,
          chequers_arboretum, interstate_on_off, the_hattery,
          uniq_prince_ribbit1, uniq_psyche
D:10:     layout_loops_ring, grunt_ministairs_9
Temple:   oiseaux_autumnal_temple
Lair:1:   hellmonk_destroyed_diamonds, layout_hall_layers, st_stairs_6,
          beast_lair_carwin_6, serial_bayou_shore_a
Lair:2:   layout_long_grid, nicolae_spider_entry_non_spiders,
          infiniplex_staircase_pool, lemuel_fruit_tree
Lair:3:   layout_roguey [special_room_mythical_zoo], palyth_hydra_swamp_entry,
          uniq_urug

Skill      XL: |  1  2  3  4  5  6  7  8  9 10 11 12 |
---------------+-------------------------------------+-----
Stealth        | 2 3 4 5 6 |  6.0
Spellcasting   | 3 5 7 8 |  8.9
Conjurations   | 5 6 8 9 10 11 | 11.0
Hexes          | 1 2 3 4 6 7 |  7.1
Fighting       | 4 6 8 9 |  9.0
Invocations    | 5 |  5.4
Air Magic      | 3 |  3.8
Dodging        | |  1.7

Action                   |  1- 3 |  4- 6 |  7- 9 | 10-12 || total
-------------------------+-------+-------+-------+-------++-------
Melee: Dagger            |    36 |    64 |   229 |       ||   329
       Punch             |       |       |     5 |     3 ||     8
       Scimitar          |       |       |    36 |   278 ||   314
 Cast: Magic Dart        |    62 |   137 |    15 |    19 ||   233
       Searing Ray       |     4 |    16 |    18 |    10 ||    48
       Fulminant Prism   |       |       |    63 |    87 ||   150
       Iskenderun's Myst |       |       |       |     3 ||     3
Invok: Heroism           |       |       |       |     1 ||     1
Evoke: Wand              |       |       |    11 |     2 ||    13
       Condenser vane    |       |       |     1 |     1 ||     2
  Use: Scroll            |     1 |     6 |     9 |     8 ||    24
       Potion            |       |     2 |     1 |    14 ||    17
 Stab: Sleeping          |     1 |     1 |     2 |     1 ||     5
       Distracted        |       |     1 |     1 |     1 ||     3
       Confused          |       |       |     1 |       ||     1
Armor: Robe              |    13 |    15 |   161 |   210 ||   399
       Skin              |       |    36 |       |       ||    36
Dodge: Dodged            |    14 |    35 |   194 |   274 ||   517
Block: Other             |       |       |    58 |    78 ||   136

Table legend: (Time is in decaauts)
 A = Elapsed time spent in this place.
 B = Non-inter-level travel time spent in this place.
 C = Inter-level travel time spent in this place.
 D = Time resting spent in this place.
 E = Time spent auto-exploring this place.
 F = Levels seen in this place.
 G = Mean time per level.
                   A        B        C        D        E       F      G
               +--------+--------+--------+--------+--------+-----+--------+
         Total |  15214 |  14574 |    640 |   2208 |   9162 |  16 |  950.9 |
       Dungeon |  11260 |  10655 |    605 |   1100 |   7577 |  10 | 1126.0 |
        Temple |    483 |    449 |     34 |    121 |    290 |   1 |  483.0 |
          Lair |    820 |    820 |      0 |    475 |     40 |   3 |  273.3 |
         Sewer |   1155 |   1155 |      0 |    126 |    799 |   1 | 1155.0 |
        Bailey |   1494 |   1494 |      0 |    386 |    455 |   1 | 1494.0 |
               +--------+--------+--------+--------+--------+-----+--------+

Top non-repeatable levels by time:
  Bailey: 1494 daAuts
     D:4: 1465 daAuts
     D:3: 1276 daAuts
     D:6: 1207 daAuts
     D:7: 1188 daAuts
   Sewer: 1155 daAuts
     D:9: 1148 daAuts
     D:5: 1080 daAuts
     D:8: 1070 daAuts
     D:1: 1050 daAuts
    D:10: 946 daAuts
     D:2: 826 daAuts
  Lair:2: 614 daAuts
  Temple: 483 daAuts
  Lair:1: 204 daAuts
